 Dungeon Crawl Stone Soup version 0.29.1-1-gd02db6906a (webtiles) character file.

Game seed: 15951033251554822903

37 jimonade the Shooter (level 3, -1/20 HPs)
             Began as a Deep Elf Hunter on Sept 23, 2022.
             Slain by a ball python (2 damage)
             ... on level 1 of the Dungeon.
             The game lasted 00:01:27 (1015 turns).

jimonade the Shooter (Deep Elf Hunter)              Turns: 1015, Time: 00:01:27

Health: -1/20      AC:  3    Str:  8    XL:     3   Next: 23%
Magic:  5/5        EV: 12    Int: 13    God:
Gold:   72         SH:  0    Dex: 20    Spells: 2/2 levels left

rFire   . . .      SeeInvis .   a - +0 shortbow
rCold   . . .      Faith    .   (shield currently unavailable)
rNeg    . . .      Spirit   .   c - +0 leather armour
rPois   .          Reflect  .   (no helmet)
rElec   .          Harm     .   (no cloak)
rCorr   .          Rampage  .   (no gloves)
Will    .....                   (no boots)
Stlth   ++........              (no amulet)
HPRegen 0.06/turn               (no ring)
MPRegen 0.09/turn               (no ring)

@: no status effects
A: no striking features
a: no special abilities


You were on level 1 of the Dungeon.
You visited 1 branch of the dungeon, and saw 1 of its levels.

You collected 72 gold pieces.

Inventory:

Hand Weapons
 a - a +0 shortbow (weapon)
 d - a +0 dagger
Armour
 c - a +0 leather armour (worn)
 i - a +0 chain mail
Scrolls
 b - a scroll of immolation
 e - a scroll of fear {unknown}
 g - a scroll of silence {unknown}
 h - a scroll of teleportation {unknown}
Potions
 f - a potion of flight


   Skills:
 - Level 1.5 Fighting
 + Level 6.8 Ranged Weapons
 - Level 2.4 Dodging
 - Level 1.2 Stealth


You had 2 spell levels left.
You didn't know any spells.
Your spell library was empty.

Dungeon Overview and Level Annotations

Branches:
Dungeon (1/15)

Altars:


Message History

The frilled lizard bites you.
* * * LOW HITPOINT WARNING * * *
The frilled lizard attacks as you move away!
The frilled lizard bites you.
* * * LOW HITPOINT WARNING * * *
The ball python closely misses you. The ball python grabs you.
The ball python constricts you.
The ball python's grasp on you weakens, but your attempt to escape fails.
The ball python bites you but does no damage.
The ball python constricts you.
* * * LOW HITPOINT WARNING * * *
The frilled lizard closely misses you.
Unknown command.
You are too injured to fight recklessly!
Unknown command.
You escape the ball python's grasp.
The ball python attacks as you move away!
The ball python bites you.
* * * LOW HITPOINT WARNING * * *
The ball python misses you.
Fire: a) +0 shortbow
Press: ? - help, Q - select action Shift-Dir - straight line, f - frilled lizard
Aim: a frilled lizard (50% to hit)
You shoot an arrow.
The arrow barely misses the frilled lizard.
The frilled lizard bites you but does no damage.
Fire: a) +0 shortbow
Press: ? - help, Q - select action Shift-Dir - straight line, f/p - frilled lizard
Aim: a frilled lizard (50% to hit)
You shoot an arrow. The arrow hits the frilled lizard.
You kill the frilled lizard!
Fire: a) +0 shortbow
Press: ? - help, Q - select action Shift-Dir - straight line, f - ball python
Aim: a ball python (heavily wounded, 62% to hit)
You shoot an arrow.
The arrow hits the ball python but does no damage.
The ball python is heavily wounded.
The ball python bites you but does no damage.
The ball python misses you. The ball python bites you.
You die...

#...........#
####PP#..##.#
#[..........#
####.....#
##..........#
#..#.....
#..........#..
#########
#..........#.#
###...#####
#######..#)#.#
##.......##.
##.#.#.#
#..........#
#.#.#.###....<....##
#.#@#...#.........#
#..S#.#.##.......##
###..S.[####...#####
#.#...# #########.
#.#.#.###...##....
#.#.#.#..#.(..##..
#.#.#.##.#######..
#.#.#.#........##.
#.#...####......##


You could see a ball python.

Vanquished Creatures
  A gnoll (D:1)
  2 dart slugs (D:1)
  2 bats (D:1)
  An endoplasm (D:1)
  4 goblins (D:1)
  3 hobgoblins (D:1)
  3 kobolds (D:1)
  A quokka (D:1)
  3 ball pythons (D:1)
  2 frilled lizards (D:1)
  2 rats (D:1)
24 creatures vanquished.

Notes
Turn   | Place    | Note
-------+----------+-------------------------------------------
     0 | D:1      | jimonade the Deep Elf Hunter began the quest for the Orb.
     0 | D:1      | Reached XP level 1. HP: 12/12 MP: 3/3
   178 | D:1      | Found a faded altar of an unknown god.
   221 | D:1      | Reached skill level 6 in Ranged Weapons
   221 | D:1      | Reached XP level 2. HP: 16/16 MP: 4/4
   766 | D:1      | Reached XP level 3. HP: 6/20 MP: 5/5
  1011 | D:1      | HP: 1/20 [ball python (2)]
  1015 | D:1      | Slain by a ball python

Illustrated notes

Levels and vault maps discovered:
D:1:      dpeg_arrival_three_same_balls, layout_basic,
          shapermc_ecumenical_altar_hornbeckon

Skill      XL: |  1 |
---------------+----+-----
Ranged Weapons | 6 |  6.8
Fighting       | |  1.5
Dodging        | |  2.4
Stealth        | |  1.2

Action                   || total
-------------------------++-------
 Fire: Shortbow          ||    75
  Use: Scroll            ||     1
Armor: Leather armour    ||     9
Dodge: Dodged            ||    22
